 Dungeon Crawl Stone Soup version 0.30-b1-2-g02819fbbbe (webtiles) character file.

Game seed: 11712628062254626155

1010 Alarkh the Skirmisher (level 8, 54/54 HPs)
             Began as a Demonspawn Hexslinger on July 7, 2023.
             Got out of the dungeon alive.
             The game lasted 00:06:05 (4305 turns).

Alarkh the Skirmisher (Demonspawn Hexslinger)       Turns: 4305, Time: 00:06:06

Health: 54/54      AC:  5    Str: 18    XL:     8   Next: 1%
Magic:  9/9        EV: 12    Int: 16    God:
Gold:   152        SH:  0    Dex: 13    Spells: 5/9 levels left

rFire   . . .        a - +1 sling
rCold   . . .        (no shield)
rNeg    . . .        c - +0 robe
rPois   .            (no helmet)
rElec   .            (no cloak)
rCorr   .            (no gloves)
SInv    .            (no boots)
Will    .....        (no amulet)
Stlth   +            t - +6 ring of strength
HPRegen 0.29/turn    (no ring)
MPRegen 0.11/turn

%: no passive effects
@: no status effects
A: icy blue scales 2, spiny 1, demonic magic 1, weakness stinger 2
a: no special abilities


You escaped.
You visited 2 branches of the dungeon, and saw 6 of its levels.
You also visited: Sewer.

You collected 180 gold pieces.
You spent 28 gold pieces at shops.

Inventory:

Hand Weapons
 a - a +1 sling (weapon)
 b - a +2 morningstar of protection
 x - a +3 dagger
Missiles
 r - a throwing net
Armour
 c - a +0 robe (worn)
 e - a scarf of harm
Magical Staves
 h - a staff of earth
Jewellery
 t - a +6 ring of strength (left hand)
Scrolls
 g - 2 scrolls of amnesia {unknown}
 i - 5 scrolls of identify {unknown}
 j - a scroll of fear {unknown}
 l - a scroll of noise {unknown}
 n - a scroll of fog {unknown}
 p - 2 scrolls of teleportation {unknown}
 q - a scroll of blinking {unknown}
 y - a scroll of immolation {unknown}
Potions
 d - a potion of heal wounds
 f - a potion of degeneration {unknown}
 k - a potion of attraction {unknown}
 m - a potion of flight {unknown}
 o - 2 potions of haste
 s - a potion of might
 u - 2 potions of curing
 v - a potion of experience {unknown}
 z - a potion of berserk rage {unknown}


   Skills:
 - Level 1.0 Fighting
 + Level 8.7 Ranged Weapons
 - Level 1.7 Dodging
 - Level 1.0 Spellcasting
 - Level 3.0 Hexes


You had 5 spell levels left.
You knew the following spells:

 Your Spells              Type           Power      Damage    Failure   Level
a - Portal Projectile     Hex/Tloc       10%        N/A       36%         3
b - Slow                  Hex            40%        N/A       7%          1

Your spell library contained the following spells:

 Spells                   Type           Power      Damage    Failure   Level
 Ensorcelled Hibernation  Hex/Ice        10%        N/A       19%         2
 Apportation              Tloc           0%         N/A       22%         1
 Sublimation of Blood     Necr           0%         N/A       34%         2
 Inner Flame              Hex/Fire       5%         N/A       36%         3
 Cause Fear               Hex            5%         N/A       54%         4
 Ozocubu's Armour         Ice            0%         N/A       56%         3
 Spider Form              Tmut/Pois      0%         N/A       56%         3
 Anguish                  Hex/Necr       2%         N/A       77%         4
 Iskenderun's Mystic Bla  Conj/Tloc      0%         2d3       92%         4
 Metabolic Englaciation   Hex/Ice        2%         N/A       98%         5
 Simulacrum               Ice/Necr       0%         N/A       100%        6
 Infestation              Necr           0%         N/A       100%        8


Dungeon Overview and Level Annotations

Branches:
Dungeon (5/15)             Temple (1/1) D:5           Sewer (visited)

Altars:
Ashenzari
Cheibriados
Dithmenos
Fedhas
Gozag
Ru
Uskayaw
Wu Jian
Yredelemnul

Shops:
D:1 *   D:2 ((

Annotations:
D:2 Sigmund


Innate Abilities, Weirdness & Mutations

You are mostly covered in icy blue scales. (AC +3)
You are partially covered in sharp spines.
Spells you cast may paralyse adjacent enemies.
You have a tail ending in a sharp stinger.


Message History

The killer bee stings you but does no damage.
You shoot a sling bullet. The sling bullet hits the killer bee.
The killer bee is moderately wounded.
The killer bee is struck by your spines.
The killer bee barely misses you. x2
You shoot a sling bullet. The sling bullet hits the killer bee.
The killer bee is almost dead.
The killer bee stings you but does no damage.
The killer bee is struck by your spines.
You kill the killer bee!
You have reached level 8!
You feel stronger.
Your demonic ancestry asserts itself...
A menacing aura infuses your magic.
Items here: ††††.
There is an open door here.
There is a hide-covered altar of Uskayaw here.
(D) Dungeon (T) Temple
Where to? (Enter - D:4 @ (x,y), ? - help)
What level of the Dungeon? (default 1, ? - help)
There is an open door here.
You flicker for a moment.
Items here: ††††.
You flicker back into view.
HP restored.
There is a stone staircase leading up here.
You climb upwards.
There is a stone staircase leading down here.
There is a stone staircase leading up here.
You climb upwards.
Level annotation: Sigmund
There is a stone staircase leading down here.
You see here a +0 club.
There is a stone staircase leading up here.
You climb upwards.
There is a stone staircase leading down here.
You open the gate.
There is an open gate here.
There is a staircase leading out of the dungeon here.
Are you sure you want to leave the Dungeon?
This will make you lose the game!
You have escaped!

#.................#
............####..#
#.#.........# #..#
..#.........####..######
##########.............#
#.#.##'''##...#
#.#.#.....#.#.##
#####.#.#.....#....#
#.......#..@..#....###
#.###.#.#[....#......#
#.# #.#.##'''##......#
#.# #.##.....).......#
#.# #..............#.#
#.# #.####.###.......#
##.# #.# #.......######
#..# #.# #..####.# #.##
#.# #.)# #.#


There were no monsters in sight!

Vanquished Creatures
  A black bear (D:5)
  An ogre (D:2)
  A scorpion (D:5)
  5 killer bees (D:4)
  A hound (D:4)
  8 jellies
  An orc priest (D:4)
  A gnoll bouda (D:4)
  An iron imp (D:3)
  7 adders
  A river rat (Sewer)
  4 worms
  2 dart slugs
  7 orcs
  10 ball pythons
  19 endoplasms
  4 giant cockroaches
  8 goblins
  7 hobgoblins
  4 jackals (D:2)
  4 quokkas (D:4)
  4 bats
  14 frilled lizards
  14 kobolds
  8 rats
137 creatures vanquished.

Vanquished Creatures (others)
  5 fungi (D:4)
  7 toadstools (D:4)
12 creatures vanquished.

Grand Total: 149 creatures vanquished

Notes
Turn   | Place    | Note
-------+----------+-------------------------------------------
     0 | D:1      | Alarkh the Demonspawn Hexslinger began the quest for the
                  | Orb.
     0 | D:1      | Reached XP level 1. HP: 15/15 MP: 2/2
    47 | D:1      | Reached skill level 2 in Ranged Weapons
   191 | D:1      | Gained mutation: You are partially covered in sharp spines.
                  | [demonic ancestry]
   191 | D:1      | Reached XP level 2. HP: 19/21 MP: 3/3
   494 | D:1      | Found Orach's Assorted Antiques.
   502 | D:1      | Bought a scroll labelled URIHUB NUF ACH for 28 gold pieces
   602 | D:2      | Reached skill level 3 in Ranged Weapons
   678 | D:2      | Found Xeidoich's Weapon Emporium.
   795 | D:2      | Gained mutation: You have a small tail. [demonic ancestry]
   795 | D:2      | Reached XP level 3. HP: 26/26 MP: 4/4
   808 | D:2      | Noticed an ogre
   816 | D:2      | Killed an ogre
   817 | D:2      | Reached skill level 4 in Ranged Weapons
   817 | D:2      | Gained mutation: You have a tail ending in a sharp stinger.
                  | [demonic ancestry]
   817 | D:2      | Reached XP level 4. HP: 9/32 MP: 5/5
   964 | D:2      | Noticed Sigmund
  1318 | D:2      | Found Faiv's Antique Weapon Boutique.
  1635 | D:3      | Gained mutation: You are partially covered in icy blue
                  | scales. (AC +2) [demonic ancestry]
  1635 | D:3      | Reached XP level 5. HP: 28/37 MP: 6/6
  1744 | D:3      | Reached skill level 5 in Ranged Weapons
  1990 | D:3      | Found a faded altar of an unknown god.
  2027 | D:3      | Found a snail-covered altar of Cheibriados.
  2365 | D:3      | Got the Volume of the Non-Euclidean Grave
  2401 | D:3      | Found a sacrificial altar of Ru.
  2530 | D:4      | Learned a level 3 spell: Portal Projectile
  2635 | D:4      | Found a glowing drain.
  2657 | D:4      | Gained mutation: You are mostly covered in icy blue scales.
                  | (AC +3) [demonic ancestry]
  2657 | D:4      | Reached XP level 6. HP: 33/43 MP: 7/7
  2672 | Sewer    | Entered a sewer
  2830 | Sewer    | Reached skill level 6 in Ranged Weapons
  2905 | Sewer    | Found a viscous altar of Jiyva.
  3016 | D:4      | Noticed a +0 short sword
  3017 | D:4      | Noticed a +0 dagger
  3017 | D:4      | Noticed a +0 falchion
  3018 | D:4      | Noticed a +0 dagger
  3021 | D:4      | Noticed a +0 spear
  3022 | D:4      | Noticed a +0 falchion
  3028 | D:4      | Noticed a +0 short sword
  3034 | D:4      | Noticed a +0 spear
  3142 | D:4      | Found a hide-covered altar of Uskayaw.
  3330 | D:4      | Reached skill level 7 in Ranged Weapons
  3330 | D:4      | Reached XP level 7. HP: 46/48 MP: 8/8
  3811 | D:5      | Entered Level 5 of the Dungeon
  3905 | D:5      | Reached skill level 8 in Ranged Weapons
  4036 | D:5      | Found a staircase to the Ecumenical Temple.
  4056 | Temple   | Entered the Ecumenical Temple
  4149 | D:4      | Gained mutation: Spells you cast may paralyse adjacent
                  | enemies. [demonic ancestry]
  4149 | D:4      | Reached XP level 8. HP: 32/54 MP: 9/9
  4305 | D:$      | Got out of the dungeon alive.

Illustrated notes

Levels and vault maps discovered:
D:1:      dpeg_arrival_windows_large_door, layout_loops_ring, serial_shops, shop
D:2:      layout_loops_cross, serial_shops, nicolae_shop_pleasant_corner_grove,
          nicolae_shop_bloodbath_and_beyond, uniq_sigmund
D:3:      wad_crossroads, layout_rooms, slow_altar_2,
          nicolae_overflow_hidden_temple, dilly_ecumenical_altar_fadedgnrine,
          nicolae_figureground_sparkle
D:4:      cheibrodos_fertilizer, layout_basic, nicolae_uskayaw_en_pointe,
          cheibrodos_sewer_entry_drain, grunt_ministairs_6, minmay_checkerbox
D:5:      layout_rooms, minmay_temple_entry_large_hall, kennysheep_donut
Temple:   hellmonk_temple_two_chambers

Skill      XL: |  1  2  3  4  5  6  7 |
---------------+----------------------+-----
Ranged Weapons | 2 3 4 5 7 8 |  8.7
Fighting       | |  1.0
Dodging        | |  1.7
Spellcasting   | |  1.0
Hexes          | |  3.0

Action                     |  1- 3 |  4- 6 |  7- 9 || total
---------------------------+-------+-------+-------++-------
   Fire: Sling             |    71 |   263 |   102 ||   436
   Cast: Slow              |       |     3 |       ||     3
    Use: Potion            |       |     7 |     2 ||     9
         Scroll            |       |     1 |       ||     1
 Armour: Robe              |     9 |    16 |    21 ||    46
  Dodge: Dodged            |    34 |    30 |    43 ||   107
